Cogmind - Beta 13 @@@ ROGUE MODE // 2024.06.14 @ 11:58:49 Player: DuckBoy Result: Destroyed by S-27 Virus with Autogun Performance ------------- Evolutions (4) 2000 Regions Visited (10) 2000 Robots Destroyed (128) 640 Value Destroyed (3711) 3711 Prototype IDs (14) 280 Alien Tech Used (0) 0 Bonus (-15) -15 TOTAL SCORE: 8616 Bonus ------- High Alert Combat Kills 90 Follower Combat Kills 39 Friendly Fire -144 Cogmind --------- Core Integrity 0/850 Matter 255/300 Energy 292/300 System Corruption 2% Temperature Cool (6) Movement Walking (120) Location -6/Factory Parts ------- > --- POWER (1) -------- Enhanced Nuclear Core > --- PROPULSION (6) --- Medium Treads Medium Treads Flexi-carbon Leg Flexi-carbon Leg Armored Leg Nuclear Pulse Thruster > --- UTILITY (6) ------ Improved Heat Sink Large Storage Unit Improved Signal Interpreter Improved Light Armor Plating Hacking Suite Improved System Shield > --- WEAPON (2) ------- Heavy Plasma Cannon 8R-AWN's Boregun > --- INVENTORY (15) --- Light Nuclear Core Improved Deuterium Engine Light Fission Core Advanced Treads Medium Treads Medium Treads Nuclear Pulse Thruster Experimental Heat Sink Experimental Sensor Array Advanced Weapon Cycler AS-neutralizer No. 17b Gauss Rifle Advanced EMP Blaster Advanced EMP Blaster Advanced EMP Blaster Peak State ------------ > --- POWER ------------ Enhanced Nuclear Core > --- PROPULSION ------- Medium Treads Medium Treads Flexi-carbon Leg Flexi-carbon Leg Flexi-carbon Leg Nuclear Pulse Thruster > --- UTILITY ---------- Improved Heat Sink Large Storage Unit Improved Signal Interpreter Improved Light Armor Plating Improved Hacking Suite Improved System Shield > --- WEAPON ----------- Heavy Plasma Cannon 8R-AWN's Boregun > --- INVENTORY -------- Light Nuclear Core Improved Deuterium Engine Light Fission Core Advanced Treads Medium Treads Medium Treads Nuclear Pulse Thruster Experimental Heat Sink Experimental Sensor Array Advanced Weapon Cycler AS-neutralizer No. 17b Gauss Rifle Advanced EMP Blaster Advanced EMP Blaster Advanced EMP Blaster [Rating: 75] Favorites ----------- Power Reinforced Fission Core Engine Improved Ion Engine Power Core Reinforced Fission Core Propulsion Light Treads Treads Light Treads Leg Advanced Myomer Leg Hover Unit Gravmag System Flight Unit Improved Cesium-ion Thruster Utility Large Storage Unit Device Improved Heat Sink Storage Large Storage Unit Processor Experimental Targeting Computer Hackware Improved System Shield Protection Light Armor Plating Weapon Assault Rifle Energy Gun Precision Beam Rifle Energy Cannon Heavy Plasma Cannon Ballistic Gun Assault Rifle Ballistic Cannon Assault Cannon Launcher Rocket Launcher Special Weapon Remote Datajack Impact Weapon Mace Slashing Weapon Blade Saw Build | -11 -10 -10 -9 -9 -9 -8 -8 -8 -8 -6 ------- Run | Yrd Mat Min Mat Min Exi Min Mat Sto Rec Fac Slots Evolved 8 | . . . 2 . . . 2 . . 4 Power . | . . . . . . . . . . . Propulsion 4 | . . . 2 . . . . . . 2 Utility 4 | . . . . . . . 2 . . 2 Weapon . | . . . . . . . . . . . Parts Attached 139 | 6 7 1 14 3 21 2 10 10 12 53 Power 12 | 1 1 . 2 . 2 . . . 1 5 Engine 7 | 1 1 . 2 . 1 . . . 1 1 Core 5 | . . . . . 1 . . . . 4 Reactor . | . . . . . . . . . . . Propulsion 35 | 2 . . 6 1 2 . 2 1 3 18 Treads 20 | 2 . . 6 1 . . 2 1 3 5 Leg 12 | . . . . . 2 . . . . 10 Wheel . | . . . . . . . . . . . Hover 1 | . . . . . . . . . . 1 Flight 2 | . . . . . . . . . . 2 Utility 36 | 1 3 . 2 . 8 1 5 3 1 12 Device 9 | . . . . . 2 1 2 1 . 3 Storage 9 | 1 2 . 1 . 3 . 1 . . 1 Processor 4 | . 1 . 1 . . . 1 . . 1 Hackware 4 | . . . . . . . . . 1 3 Protection 10 | . . . . . 3 . 1 2 . 4 Artifact . | . . . . . . . . . . . Weapon 56 | 2 3 1 4 2 9 1 3 6 7 18 Energy Gun 9 | . . . 1 . . . . 2 3 3 Energy Cannon 2 | . . . . . . . . . . 2 Ballistic Gun 28 | 2 3 . 3 . 4 . 2 1 4 9 Ballistic Cannon 4 | . . . . . . 1 . 1 . 2 Launcher 7 | . . . . 2 2 . 1 1 . 1 Special Weapon 1 | . . . . . . . . . . 1 Impact Weapon 1 | . . 1 . . . . . . . . Slashing Weapon 4 | . . . . . 3 . . 1 . . Piercing Weapon . | . . . . . . . . . . . Special Melee Weapon . | . . . . . . . . . . . Unidentified Prototypes 13 | . . . 2 . 4 . 2 2 . 3 Corrupted Parts 1 | . . . . . . . . . 1 . System Corruption 2 | . . . . . . . . . 2 . Parts Lost 45 | . . . 3 2 6 1 5 2 1 25 Power 4 | . . . . . 1 . . . . 3 Propulsion 19 | . . . 3 2 3 . 1 . 1 9 Utility 7 | . . . . . . . 1 . . 6 Weapon 15 | . . . . . 2 1 3 2 . 7 Highest Loss Streak 13 | . . . 2 4 3 1 3 2 1 13 To Critical Strikes 5 | . . . . . 3 . 1 . . 1 Average Slot Usage (%) 85 | . 98 100 96 88 62 77 79 91 99 87 Engine 6 | . 14 14 11 11 5 . . . 7 2 Core 3 | . . . . . 5 11 9 9 1 3 Treads 16 | . 28 28 40 33 4 . 3 14 17 13 Leg 8 | . . . . . 4 22 18 18 18 15 Device 3 | . . . . . . 11 14 5 9 4 Storage 7 | . 14 14 11 11 2 11 9 9 9 6 Processor 6 | . 12 14 11 11 1 . 8 9 9 4 Hackware 2 | . . . . . . . . . . 11 Protection 7 | . . . . . 16 . . 10 9 5 Energy Gun 2 | . . . . . . . . 3 11 2 Ballistic Gun 11 | . 28 25 21 . 9 1 10 3 6 4 Launcher 2 | . . . . 21 3 11 2 5 . . Slashing Weapon 2 | . . . . . 8 . . 1 . . Naked Turns . | . . . . . . . . . . . Heaviest Build 212 | 14 27 27 53 55 212 51 52 56 54 62 Greatest Support 90 | 40 40 40 80 60 60 60 60 60 60 90 Greatest Overweight (x) 11 | 3 . . 1 . 11 . . . . 10 Average Overweight (x) . | . . . . . 1 . . . . . Largest Inventory Capacity 35 | 8 15 15 20 20 35 15 15 15 15 15 Average Capacity 13 | 7 9 15 17 20 8 15 15 15 15 15 Most Carried 20 | 5 10 14 20 18 18 15 14 15 15 15 Average Carried 12 | 1 8 12 16 17 7 14 12 14 14 14 Final Capacity 20 | 8 15 15 20 20 15 15 15 15 15 15 Final Carried 18 | 5 10 14 18 18 15 14 11 15 15 15 Class Distribution -------------------- 55% | Mutant 33% | Scavenger-Mutant 9% | Commander-Mutant Dominant Class ---------------- Mutant | -10/Materials Mutant | -10/Mines Scavenger-Mutant | -9/Materials Scavenger-Mutant | -9/Mines Mutant | -9/Exiles Mutant | -8/Mines Mutant | -8/Materials Mutant | -8/Storage Commander-Mutant | -8/Recycling Scavenger-Mutant | -6/Factory Resources | -11 -10 -10 -9 -9 -9 -8 -8 -8 -8 -6 ----------- Run | Yrd Mat Min Mat Min Exi Min Mat Sto Rec Fac Matter Collected 3534 | 272 247 131 419 63 132 190 115 405 315 1245 Remotely . | . . . . . . . . . . . Salvage Created 4863 | 76 358 199 639 21 132 81 239 448 588 2082 Parts 316 | 1 29 16 49 7 1 9 14 31 30 129 Haulers Intercepted 3 | . 1 . 1 . . . . . . 1 Recyclers Shooed 10 | . 2 . 2 . . . 1 . . 5 Parts Field Recycled . | . . . . . . . . . . . Retrieved Matter . | . . . . . . . . . . . Parts Self-Destructed . | . . . . . . . . . . . Prevented . | . . . . . . . . . . . Kills | -11 -10 -10 -9 -9 -9 -8 -8 -8 -8 -6 ------- Run | Yrd Mat Min Mat Min Exi Min Mat Sto Rec Fac Combat Hostiles Destroyed 92 | . 4 9 12 3 8 7 7 8 7 27 Melee 1 | . . . . . 1 . . . . . Guns 55 | . 4 9 12 1 . . . 2 7 20 Cannons 7 | . . . . . . . 1 . . 6 AOE 28 | . . . . 2 7 7 6 6 . . Classes Destroyed 16 | 1 5 1 3 . . . . . 1 5 Worker 8 | . 3 . . . . . . 1 . 4 Builder 12 | . . . 1 . . . . 5 . 6 Hauler 3 | . 1 . 1 . . . . . . 1 Recycler 8 | 1 1 . 1 . . . . . 3 2 Operator 5 | . . . 3 . . . 1 . . 1 Watcher 7 | . 2 . 2 . . . 3 . . . Swarmer 23 | . 2 6 3 3 . 4 . 3 . 2 Saboteur 1 | . . . . . . . . . . 1 Grunt 26 | . 2 2 3 . . 3 6 2 . 8 Duelist 1 | . . . . . . . . . . 1 Sentry 18 | . . . 6 . . . 1 3 4 4 Demolisher 3 | . . . . . . . . . 3 . Hunter 7 | . . . . . . . . . . 7 Programmer 4 | . . . . . . . . . . 4 Behemoth 1 | . . . . . . . . . . 1 Assembled 8 | . . 1 . . 7 . . . . . Best Kill Streak 7 | 1 3 3 4 3 7 7 6 6 2 7 Combat Bots Only 7 | . 2 3 3 3 7 7 5 5 2 4 Max Kills in Single Turn 4 | 1 1 1 2 2 4 3 1 2 2 2 Gunslinging . | . . . . . . . . . . . Exploded 4 | . . . . 2 4 3 1 2 . . Melee 1 | . . . . . 1 . . . . . Uniques/NPCs Destroyed 1 | . . . . . 1 . . . . . 8R-AWN (-9/Exiles) Combat | -11 -10 -10 -9 -9 -9 -8 -8 -8 -8 -6 -------- Run | Yrd Mat Min Mat Min Exi Min Mat Sto Rec Fac Hostile Shots Fired 834 | . 25 24 69 7 67 24 105 27 14 472 Missed 252 | . 5 5 18 2 14 12 42 6 6 142 Damage Taken 9037 | . 262 211 681 82 1362 263 1098 368 116 4594 Core 1564 | . 17 23 120 . 272 7 200 58 14 853 Absorbed by Shields . | . . . . . . . . . . . Redirected to Shielding 33 | . . . . . . . . 33 . . Ignored by Resistances 62 | . . . . . . . . . . 62 Core Remaining (%) 58 | 100 . 84 . . . . . . 50 . Volleys Fired 349 | 2 42 14 55 5 3 7 28 37 21 135 Largest 2 | 2 2 2 2 1 2 2 2 2 2 2 Hottest 122 | 40 40 40 46 33 66 77 77 122 122 120 Shots Fired 610 | 4 84 28 110 5 6 9 53 41 37 233 Gun 471 | 4 84 28 110 4 . . 26 27 37 151 Cannon 99 | . . . . . . 2 15 2 . 80 Launcher 38 | . . . . 1 6 7 12 12 . . Special 2 | . . . . . . . . . . 2 Kinetic 454 | 4 84 28 110 4 . 2 41 23 10 148 Thermal 104 | . . . . . . . . 6 27 71 Explosive 26 | . . . . 1 6 7 12 . . . Electromagnetic 24 | . . . . . . . . 12 . 12 Robot Hit Streak 36 | 1 12 8 26 9 3 2 10 7 36 24 Robot Miss Streak 8 | 1 4 2 2 . 1 1 2 1 1 8 Penetration Max 2 | . . . . . . . . . 1 2 Secondary Targets 3 | . 1 2 . . . . . . . . Max Gunslinging Chain 1 | . 1 1 . . . . . . . . Shots Hit Robots 481 | 2 51 20 82 5 69 5 34 33 32 148 Core Hits 228 | 1 20 12 31 3 22 13 28 19 14 65 Critical Kills 28 | . 2 1 . 1 . . . . 3 21 Critical Parts Destroyed 31 | . . . 1 . . . . . . 30 Critical Strikes 76 | . 2 1 1 1 8 . . 2 3 58 Burn 5 | . . . . . . . . 1 . 4 Destroy 61 | . 2 1 1 1 . . . . 3 53 Blast 1 | . . . . . . . . . . 1 Sever 9 | . . . . . 8 . . 1 . . Melee Attacks 91 | . . 9 . . 76 . . 6 . . Impact 9 | . . 9 . . . . . . . . Slashing 82 | . . . . . 76 . . 6 . . Piercing . | . . . . . . . . . . . Sneak Attacks 2 | . . . . . . . . 2 . . Combat Hostiles . | . . . . . . . . . . . Follow-up Attacks . | . . . . . . . . . . . Damage Inflicted 11591 | 30 569 260 1266 232 1538 625 1612 1092 553 3814 Guns 5456 | 30 569 231 1238 57 . . 280 285 553 2213 Cannons 1810 | . . . . . . 50 239 . . 1521 Explosions 2959 | . . . . 175 444 575 1087 678 . . Melee 1249 | . . 26 . . 1094 . . 129 . . Ramming 117 | . . 3 28 . . . 6 . . 80 Kinetic 5540 | 30 569 231 1238 57 . 50 519 269 150 2427 Thermal 1783 | . . . . . . . 88 167 403 1125 Explosive 2173 | . . . . 175 444 575 979 . . . Electromagnetic 729 | . . . . . . . 20 527 . 182 Impact 26 | . . 26 . . . . . . . . Slashing 1223 | . . . . . 1094 . . 129 . . Piercing . | . . . . . . . . . . . Highest Corruption 7 | . . . . . . . . 5 7 2 Average Corruption 3 | . . . . . . . . 4 5 1 Corruption Purged . | . . . . . . . . . . . Corruption Blocked . | . . . . . . . . . . . Effects 61 | . . . . . . . . 11 36 14 Message Errors 17 | . . . . . . . . 3 11 3 Matter Fused 14 | . . . . . . . . 1 8 5 Heat Flow Errors 5 | . . . . . . . . . 4 1 Energy Discharges 8 | . . . . . . . . 2 6 . Parts Fused 1 | . . . . . . . . . 1 . Data Loss (minor) 9 | . . . . . . . . 4 3 2 Data Loss (major) 1 | . . . . . . . . . 1 . Misfires 4 | . . . . . . . . . 2 2 Alerts 1 | . . . . . . . . . . 1 Weapon Failures 1 | . . . . . . . . 1 . . Overload Shots . | . . . . . . . . . . . Overflow Damage 170 | . . . . 15 49 . 83 14 . 9 Projectiles 2 | . . . . . . . . . . 2 Explosions 161 | . . . . 15 49 . 83 14 . . Melee 7 | . . . . . . . . . . 7 Knockbacks 11 | . . . . . . . 2 . . 9 Impact 1 | . . . . . . . . . . 1 Kinetic 9 | . . . . . . . 2 . . 7 Secondary 1 | . . . . . . . . . . 1 Self-Inflicted Damage 305 | . . . . 45 . 92 107 61 . . Shots 11 | . . . . 1 . 4 3 3 . . Rammed 4 | . . 1 3 . . . . . . . Targets Rammed 18 | . . 1 3 . . . 1 . . 13 Kicked 14 | . . . . . . . 1 . . 13 Crushed . | . . . . . . . . . . . Highest Temperature 315 | . 22 2 26 . . . 231 117 315 312 Average Temperature 67 | . 12 2 7 . . . 78 38 94 77 Received Heat Transfer 2292 | . 93 21 291 . . 72 468 189 63 1095 Siege Activations . | . . . . . . . . . . . Robots Corrupted . | . . . . . . . . . . . Combat Hostiles . | . . . . . . . . . . . Parts Fried 3 | . . . . . . . . 2 . 1 Impact Corruptions 1 | . . . . . . . . . . 1 Robots Melted 1 | . . . . . . . . . . 1 Combat Hostiles 1 | . . . . . . . . . . 1 Parts Melted 4 | . . . . . . . . 1 1 2 Heat Transferred 3546 | . . . . . . . 50 311 888 2297 Parts Sabotaged . | . . . . . . . . . . . Parts Stolen . | . . . . . . . . . . . Parts Stripped . | . . . . . . . . . . . Power Chain Reactions 3 | . . . . . . . . 3 . . Alert | -11 -10 -10 -9 -9 -9 -8 -8 -8 -8 -6 ------- Run | Yrd Mat Min Mat Min Exi Min Mat Sto Rec Fac Peak Influence 529 | 5 165 235 268 163 . 192 393 479 290 529 Initial 200 | . 3 . 27 92 . . . 161 114 200 Average 145 | . 40 98 138 160 . 160 245 278 100 200 Maximum Alert Level 2 | . . 1 1 . . . 1 2 1 2 Low Security (%) 70 | 100 100 78 81 100 . 100 16 36 85 43 Level 1 25 | . . 21 18 . . . 83 42 14 48 Level 2 3 | . . . . . . . . 21 . 7 Level 3 . | . . . . . . . . . . . Level 4 . | . . . . . . . . . . . Level 5 . | . . . . . . . . . . . High Security . | . . . . . . . . . . . Max Security . | . . . . . . . . . . . Squads Dispatched 13 | . 1 1 1 . . . 3 1 . 6 Investigation 5 | . 1 1 . . . . 1 . . 2 Extermination 2 | . . . . . . . . . . 2 Reinforcement 5 | . . . 1 . . . 2 1 . 1 Assault 1 | . . . . . . . . . . 1 Garrison . | . . . . . . . . . . . Intercept . | . . . . . . . . . . . Searches Triggered . | . . . . . . . . . . . Construction Impeded 3 | . . . . . . . 1 1 . 1 Haulers Reinforced . | . . . . . . . . . . . Active Scanning Responses . | . . . . . . . . . . . Cargo Convoy Interrupts . | . . . . . . . . . . . Stealth | -11 -10 -10 -9 -9 -9 -8 -8 -8 -8 -6 --------- Run | Yrd Mat Min Mat Min Exi Min Mat Sto Rec Fac Distress Signals 9 | . 2 . 3 1 . . 1 2 . . Communications Jammed . | . . . . . . . . . . . Distress Signals . | . . . . . . . . . . . Times Spotted 152 | . 8 13 26 3 9 7 20 12 3 51 Peak Tracking Total 13 | . 4 3 5 3 13 7 7 6 2 8 Tactical Retreats 15 | . 1 1 2 . 5 . 1 1 . 4 Traps | -11 -10 -10 -9 -9 -9 -8 -8 -8 -8 -6 ------- Run | Yrd Mat Min Mat Min Exi Min Mat Sto Rec Fac Traps Triggered 5 | . 2 . . . . . 1 2 . . Indirectly 1 | . . . . . . . 1 . . . Trap Hack Attempts . | . . . . . . . . . . . Triggered . | . . . . . . . . . . . Disarmed . | . . . . . . . . . . . Reprogrammed . | . . . . . . . . . . . Reused . | . . . . . . . . . . . Traps Extracted . | . . . . . . . . . . . Installed . | . . . . . . . . . . . Triggered 1 | . . . . 1 . . . . . . Machines | -11 -10 -10 -9 -9 -9 -8 -8 -8 -8 -6 ---------- Run | Yrd Mat Min Mat Min Exi Min Mat Sto Rec Fac Machines Disabled 14 | . . . . . 4 . 5 4 . 1 Max in Single Turn 3 | . . . . . 3 . 2 1 . 1 Machines Repaired . | . . . . . . . . . . . Machines Dismantled . | . . . . . . . . . . . Machines Sabotaged . | . . . . . . . . . . . Overloaded Fab Kills . | . . . . . . . . . . . Hacking | -11 -10 -10 -9 -9 -9 -8 -8 -8 -8 -6 --------- Run | Yrd Mat Min Mat Min Exi Min Mat Sto Rec Fac Machines Accessed 32 | . 3 1 4 . 1 . 2 3 10 8 Terminals 20 | . 3 . 4 . . . 2 3 6 2 Fabricators 1 | . . . . . . . . . . 1 Repair Stations 1 | . . . . . . . . . . 1 Recycling Units 5 | . . . . . . . . . 4 1 Scanalyzers 2 | . . . . . . . . . . 2 Garrison Access 1 | . . . . . . . . . . 1 Total Hacks 93 | . 9 1 13 . 4 . 4 6 33 23 Successful 50 | . 5 1 5 . 4 . 3 4 18 10 Failed 41 | . 4 . 7 . . . 1 2 14 13 Catastrophic 10 | . 1 . 2 . . . 1 . 3 3 Database Lockouts 2 | . . . 1 . . . . . 1 . Manual 58 | . 7 . 12 . . . 3 1 24 11 Terminals 62 | . 9 . 13 . . . 4 6 24 6 Fabricators 3 | . . . . . . . . . . 3 Repair Stations 2 | . . . . . . . . . . 2 Recycling Units 15 | . . . . . . . . . 9 6 Scanalyzers 5 | . . . . . . . . . . 5 Garrison Access 1 | . . . . . . . . . . 1 Terminal Hacks 25 | . 3 1 2 . 4 . 1 4 8 2 Record 4 | . . . . . 4 . . . . . Part Schematic 2 | . 1 . . . . . . . 1 . Robot Schematic 3 | . 1 . 1 . . . . . 1 . Prototype ID Bank 1 | . . . . . . . . . 1 . Open Door 3 | . . 1 . . . . . 2 . . Branch Access Points 1 | . . . . . . . . . . 1 Emergency Access Points 1 | . . . . . . . 1 . . . Terminal Index 1 | . . . . . . . . . . 1 Alert Level 4 | . . . 1 . . . . 1 2 . Unreport Threat 2 | . 1 . . . . . . . 1 . Dispatch Records 1 | . . . . . . . . . 1 . Hauler Manifests 1 | . . . . . . . . 1 . . Registered Components 1 | . . . . . . . . . 1 . Fabricator Hacks 1 | . . . . . . . . . . 1 Load Schematic 1 | . . . . . . . . . . 1 Repair Station Hacks . | . . . . . . . . . . . Recycling Unit Hacks 3 | . . . . . . . . . 2 1 Report Inventory 1 | . . . . . . . . . 1 . Retrieve Components 2 | . . . . . . . . . 1 1 Scanalyzer 2 | . . . . . . . . . . 2 Insert Component 1 | . . . . . . . . . . 1 Analyze 1 | . . . . . . . . . . 1 Garrison Access Hacks . | . . . . . . . . . . . Unauthorized Hacks 19 | . 2 . 3 . . . 2 . 8 4 Terminals 12 | . 2 . 3 . . . 2 . 4 1 Botnet 9 | . 2 . 2 . . . 1 . 3 1 Disrupt 1 | . . . . . . . 1 . . . Operators 2 | . . . 1 . . . . . 1 . Fabricators . | . . . . . . . . . . . Repair Stations . | . . . . . . . . . . . Recycling Units 7 | . . . . . . . . . 4 3 Reject 1 | . . . . . . . . . . 1 Recyclers 1 | . . . . . . . . . . 1 Mask 1 | . . . . . . . . . . 1 Tunnel 4 | . . . . . . . . . 4 . Scanalyzers . | . . . . . . . . . . . Garrison Access . | . . . . . . . . . . . Data Cores Recovered 1 | . . . . . . . . . . 1 Used 1 | . . . . . . . . . . 1 Hacking Detections 23 | . 2 . 3 . . . 2 4 5 7 Full Trace Events 3 | . . . . . . . . 1 . 2 Feedback Events . | . . . . . . . . . . . Feedback Blocked . | . . . . . . . . . . . Robot Schematics Acquired 3 | . 1 . 1 . . . . . 1 . Robots Built . | . . . . . . . . . . . Authchips . | . . . . . . . . . . . Time . | . . . . . . . . . . . Total Robot Build Rating . | . . . . . . . . . . . Part Schematics Acquired 3 | . 1 . . . . . . . 1 1 Parts Built . | . . . . . . . . . . . Authchips . | . . . . . . . . . . . Time . | . . . . . . . . . . . Total Part Build Rating . | . . . . . . . . . . . Parts Repaired . | . . . . . . . . . . . Time . | . . . . . . . . . . . Parts Recycled . | . . . . . . . . . . . Recycled Matter . | . . . . . . . . . . . Retrieved Matter . | . . . . . . . . . . . Retrieved Components 13 | . . . . . . . . . 3 10 Parts Scanalyzed 1 | . . . . . . . . . . 1 Part Schematics Acquired 1 | . . . . . . . . . . 1 Parts Damaged . | . . . . . . . . . . . Bothacking | -11 -10 -10 -9 -9 -9 -8 -8 -8 -8 -6 ------------ Run | Yrd Mat Min Mat Min Exi Min Mat Sto Rec Fac Used RIF Installer . | . . . . . . . . . . . Robots Hacked 2 | . . . . . . . . . . 2 Non-combat 2 | . . . . . . . . . . 2 Combat . | . . . . . . . . . . . Robot Hacks Applied 2 | . . . . . . . . . . 2 find_recycling 2 | . . . . . . . . . . 2 Relay Couplers Released . | . . . . . . . . . . . Fabnet Peak Effective % . | . . . . . . . . . . . Robots Rewired 6 | . . . . . . . . . 6 . Allies Hacked . | . . . . . . . . . . . Hacks Repelled . | . . . . . . . . . . . Allies | -11 -10 -10 -9 -9 -9 -8 -8 -8 -8 -6 -------- Run | Yrd Mat Min Mat Min Exi Min Mat Sto Rec Fac Total Allies 9 | . . 1 . 2 . . . . 6 . Largest Group 6 | . . 1 1 2 2 . . . 6 6 Highest-Rated Group 101 | . . 31 31 53 53 . . . 101 101 Highest-Rated Ally 31 | . . 31 31 31 31 . . . 21 21 Total Orders 16 | . . . . . . . . . 14 2 STAY 11 | . . . . . . . . . 10 1 FOLLOW 2 | . . . . . . . . . 1 1 PICKUP 3 | . . . . . . . . . 3 . Ally Attacks 23 | . . 5 4 . . . . . . 14 Total Damage 436 | . . 81 40 . . . . . . 315 Kills 5 | . . 3 2 . . . . . . . Allies Corrupted . | . . . . . . . . . . . Allies Melted . | . . . . . . . . . . . Intel | -11 -10 -10 -9 -9 -9 -8 -8 -8 -8 -6 ------- Run | Yrd Mat Min Mat Min Exi Min Mat Sto Rec Fac Robot Analysis Total . | . . . . . . . . . . . Derelict Logs Recovered 1 | . . 1 . . . . . . . . Drone Launches . | . . . . . . . . . . . Drone Recoveries . | . . . . . . . . . . . Exploration | -11 -10 -10 -9 -9 -9 -8 -8 -8 -8 -6 ------------- Run | Yrd Mat Min Mat Min Exi Min Mat Sto Rec Fac Turns Passed 10009 | 93 899 675 1131 224 2580 431 332 469 1328 1847 Spaces Moved 4696 | 45 463 371 557 128 455 329 194 280 908 966 Core 102 | 8 . . . . 92 . . . . 2 Treads 1835 | 37 463 371 557 128 184 . . . . 95 Legs 2756 | . . . . . 179 329 194 280 908 866 Wheels . | . . . . . . . . . . . Hover 2 | . . . . . . . . . . 2 Flight 1 | . . . . . . . . . . 1 Fastest Speed 50 | 50 160 160 160 160 120 120 120 120 120 120 Average Speed 143 | 159 160 160 160 160 198 120 120 120 120 132 Slowest Speed 600 | 200 160 160 240 160 600 120 120 120 120 550 Overloaded Moves . | . . . . . . . . . . . Propulsion Burnouts . | . . . . . . . . . . . Robots Hopped . | . . . . . . . . . . . Cave-ins Triggered . | . . . . . . . . . . . Exploration Rate (%) 50 | 4 67 68 64 39 51 74 25 29 98 32 Regions Visited 10 Branch Regions 6 Pre-discovered Areas 5 | . . . . . 1 . . . 4 . Known Exits Taken 1 | . . . 1 . . . . . . . Unknown Exits Taken 9 | 1 1 1 . 1 1 1 1 1 1 . Scrap Searched 3 | . . 1 . 1 . 1 . . . . Spaces Dug 23 | . . . . . . 13 8 . . 2 Terrain Destroyed 216 | . . . . 11 16 61 87 10 . 31 Melee . | . . . . . . . . . . . Projectile 33 | . . . . . . . 2 . . 31 AOE 183 | . . . . 11 16 61 85 10 . . Terrain Rammed . | . . . . . . . . . . . Walls Destroyed . | . . . . . . . . . . . Machines Disabled . | . . . . . . . . . . . Actions | -11 -10 -10 -9 -9 -9 -8 -8 -8 -8 -6 --------- Run | Yrd Mat Min Mat Min Exi Min Mat Sto Rec Fac Total 7175 | 59 543 408 693 142 1972 355 242 357 1107 1297 Wait 1707 | 2 16 9 32 5 1392 18 6 17 123 87 Move 4686 | 44 462 370 556 127 454 328 193 279 907 966 Hop . | . . . . . . . . . . . Pick Up 74 | 5 8 4 17 2 13 . 2 5 1 17 Fast Attach 53 | 6 1 . 2 . 8 . 3 3 2 28 Attach 33 | . . . 4 2 5 1 6 3 . 12 Detach 10 | . . . . . 2 . 1 2 . 5 Swap 53 | . 6 1 8 1 8 1 1 4 10 13 Drop 58 | . 8 . 16 . 8 . 1 1 3 21 Fire 349 | 2 42 14 55 5 3 7 28 37 21 135 Melee 91 | . . 9 . . 76 . . 6 . . Ram . | . . . . . . . . . . . Kick 14 | . . . . . . . 1 . . 13 Crush 4 | . . 1 3 . . . . . . . Escape Stasis . | . . . . . . . . . . . Rewire 43 | . . . . . 3 . . . 40 . Trap . | . . . . . . . . . . . Miscellaneous . | . . . . . . . . . . . Route ------- -11/Scrapyard -10/Materials (discovered 3 exits: *Mat x2 / *Min) -10/Mines -9/Materials (discovered 4 exits: *Mat x2 / *Min x2) -9/Mines -9/Exiles -8/Mines -8/Materials -8/Storage -8/Recycling -6/Factory (discovered 3 exits: *Fac / Low x2) History --------- Turn | Location | Event 29 | -11/Scrapyard | Discovered new exit (range 16) 94 | -11/Scrapyard | Entered Materials 285 | -10/Materials | Discovered new exit (range 11) 306 | -10/Materials | Build established: Mutant 792 | -10/Materials | Discovered new exit (range 3) 932 | -10/Materials | Discovered new exit (range 9) 993 | -10/Materials | Entered Mines 1065 | -10/Mines | Met a Derelict shopkeep closing up shop 1235 | -10/Mines | Discovered new exit (range 8) 1420 | -10/Mines | Received a Rocket Launcher from a helpful Derelict 1441 | -10/Mines | Received a Mining Laser from a helpful Derelict 1512 | -10/Mines | Excavation squad dispatched 1512 | -10/Mines | A large section of the Mines collapsed 1668 | -10/Mines | Entered Materials 1668 | -9/Materials | Accompanied by 1 ally 1668 | -9/Materials | Evolved 2 slots: Propulsion x2 1669 | -9/Materials | Identified exit to Mines 1817 | -9/Materials | Central database locked down 2026 | -9/Materials | Discovered new exit (range 16) 2336 | -9/Materials | Build established: Scavenger-Mutant 2418 | -9/Materials | Discovered new exit (range 15) 2799 | -9/Materials | Entered Mines 2812 | -9/Mines | Assembled infested the area 2817 | -9/Mines | Assisted by a Guerilla fighting off Assembled 2831 | -9/Mines | Lost 4 parts (4n) 2854 | -9/Mines | Found a damaged Exp. Sensor Array with a note attached 2857 | -9/Mines | Found Prototype Device 3009 | -9/Mines | Deemed a non-threat by the Exiles lab entrance 3010 | -9/Mines | Discovered new exit (range 5) 3023 | -9/Mines | Entered Exiles 3023 | -9/Exiles | Accompanied by 2 allies 3053 | -9/Exiles | Led the pair of lost Derelicts to a safe place 3063 | -9/Exiles | Met 8R-AWN 3081 | -9/Exiles | Discovered new exit (range 15) 3140 | -9/Exiles | Met EX-HEX 3211 | -9/Exiles | Met EX-DEC 3222 | -9/Exiles | Learned location of Zion (-6) 3299 | -9/Exiles | Attacked by the Exiles 3333 | -9/Exiles | Destroyed 7 combat bots 3390 | -9/Exiles | Core integrity fell below 50% 3423 | -9/Exiles | Lost 3 parts (1p2n) 3450 | -9/Exiles | Found Prototype Ballistic Gun 3450 | -9/Exiles | Identified 8R-AWN's Boregun 3459 | -9/Exiles | Found 8R-AWN's Boregun 3465 | -9/Exiles | Identified Exp. Sensor Array 3609 | -9/Exiles | Core integrity fell below 20% 3749 | -9/Exiles | Build established: Mutant 5368 | -9/Exiles | Destroyed 8R-AWN 5426 | -9/Exiles | Found Prototype Device 5459 | -9/Exiles | Found Prototype Processor 5603 | -9/Exiles | Entered Mines 5671 | -8/Mines | Destroyed 7 combat bots 6026 | -8/Mines | Discovered new exit (range 8) 6034 | -8/Mines | Entered Materials 6034 | -8/Materials | Evolved 2 slots: Utility x2 6057 | -8/Materials | Identified Exp. Targeting Computer 6058 | -8/Materials | Identified AS-neutralizer No. 17b 6341 | -8/Materials | Lost 3 parts (1u2w) 6346 | -8/Materials | Discovered new exit (range 14) 6366 | -8/Materials | Entered Storage 6741 | -8/Storage | Used back door to open Recycling access 6741 | -8/Storage | Discovered new exit (range 4) 6835 | -8/Storage | Entered Recycling 6994 | -8/Recycling | Discovered new exit (range 5) 7169 | -8/Recycling | Build established: Scavenger-Mutant 7661 | -8/Recycling | Build established: Commander-Mutant 8163 | -8/Recycling | Entered Factory 8163 | -6/Factory | Accompanied by 6 allies 8163 | -6/Factory | Evolved 4 slots: Propulsion x2, Utility x2 8273 | -6/Factory | Spotted B-75 Beast 8302 | -6/Factory | Destroyed B-75 Beast 8328 | -6/Factory | Lost 5 allies 8607 | -6/Factory | Build established: Scavenger-Mutant 8711 | -6/Factory | Lost 3 parts (2n1u) 8966 | -6/Factory | Core integrity fell below 50% 8973 | -6/Factory | Lost 13 parts (1p5n3u4w) 9025 | -6/Factory | Lost 3 parts (1p2w) 9445 | -6/Factory | Discovered new exit (range 4) 9448 | -6/Factory | Identified exit to Factory 9730 | -6/Factory | Core integrity fell below 20% 9913 | -6/Factory | First assault squad dispatched 9980 | -6/Factory | Identified exit to Lower Caves 10010 | -6/Factory | Destroyed by S-27 Virus with Autogun Last Messages --------------- 09980_ Connecting with Terminal... >>Access(Branch) Found 2 branch access points: (4,123) Lower Caves (30,171) Lower Caves Map updated. 09986_ Dropped Flexi-carbon Leg. 09996_ HV Slug penetrates S-27 Virus. 09996_ S-27 Virus suffers critical hit (Destroy). 09996_ Destroyed VTOL Module. 09996_ HV Slug penetrates Construction Platform. 09997_ System corrupted: Matter fused (-5). 09999_ HV Slug penetrates S-27 Virus. 09999_ S-27 Virus suffers critical hit (Destroy). 09999_ Destroyed Unknown Ballistic Gun. 09999_ HV Slug penetrates Construction Platform. 10000_ M-28 Smith repairs W-25 Informer. 10006_ Kicked M-28 Smith out of the way. 10006_ Destroyed Wheel. 10006_ M-28 Smith system corrupted by crushing effect. Map ----- +----------------------------------------------------+ | ?????????????????????????????????????????????????? | | ?????????????????????????????????????????????????? | | ?????????????????????????????????????????????????? | | ?????????????????????????????????????????????????? | | ?????????????????????????????????????????????????? | | ?????????????????????????????????????????????????? | | ?????????????????????????????????????????????????? | | ?????????????????????????????????????????????????? | | ?????????????????????????????????????????????????? | | ?????????????????????????????????????????????????? | | ?????????????????????????????????????????????????? | | ?????????????????????????????????????????????????? | | ?????????????????????????????????????????????????? | | ?????????????????????????#?#?????????????????????? | | ???????????????????????? ????????????????????? | | ???????????????????????? ???????????????????? | | ?????????????????????# ?" " " "??????????????????? | | ?????????????????????# " " " " "????????????????? | | ?????????????????????# " " " " " #??????????????? | | ?????????????????????#! " " " " " #??????????????? | | ?????????????????????# " " " " " #??????????????? | | ?????????????????????# " " " " " #??????????????? | | ?????????????????????#! " " " " " #??????????????? | | ?????????????????????# " " " " " #??????????????? | | ?????????????????????# " " " " " #??????????????? | | ?????????????????????# @ s== #??????????????? | | ?????????????????????#######s######??????????????? | | ?????????????????????????# [== #?????????????????? | | ?????????????????????????# [ #?????????????????? | | ?????????????????????????# #?????????????????? | | ??????????????????######## #?????????????????? | | ????????????#/ / #?????????????????? | | ????????????# " #?????????????????? | | ????????????# ! # ##########+######+# | | ????????????" # = | | ????????????# """" """" #^ ^ | | ????????????????"" """" ?+ """" " | | ?????????????????" """" ?# """" T | | ????????????????????""" ?# """" " | | ?????????????????????""??# ^ % /############ | | ??????????????????????"??# ^ """" * #?????? #? | | ?????????????????????????#^^ """" #???? ?? | | ?????????????????????????# """% #?? ???? | | ?????????????????????????# # """""????? | | ?????????????????????????# + """""????? | | ?????????????????????????# # """""????? | | ?????????????????????????######## R#??""""????^ | | ????????????????????????????????# #???? ????? | | ????????????????????????????????# R#??????????? | | ????????????????????????????????# #?????????## | +----------------------------------------------------+ Best States ------------- Heat Dissipation 78 Energy Generation 19 Energy Capacity 310 Matter Stores 300 Matter Capacity 300 Sight Range 16 Robot Scan Range 20 Terrain Scan Density 10 Armor Coverage 450 Resistance: TH 15 Weapon Shielding 33 Evasion (%) 55 Targeting Accuracy 12 Recoil Reduction 4 Offensive Hacking 12 Defensive Hacking 12 Authchip Count 1 Item Schematics ----------------- Lrg. Storage Unit | -10/Materials | Hacked Hacking Suite | -8/Recycling | Hacked Adv. Myomer Leg | -6/Factory | Scanalyzed Robot Schematics ------------------ M-13 Machinist | -10/Materials | Hacked O-16 Technician | -9/Materials | Hacked Y-45 Defender | -8/Recycling | Hacked Fabricated ------------ Nothing Alien Tech Used ----------------- None Achievements -------------- None Challenges ------------ None Game ------ Seed MagneticMicroStreamer Manual? 0 Play Time 01:25:12 Cumulative 436.3 hours Start 2024.06.14 @ 10:07:15 End 2024.06.14 @ 11:58:49 Sessions 1 Manual Loads 0 Difficulty Rogue Special Mode None Game No. 272 Rogue 269 Adventurer 3 Explorer 0 Win Type - Total 7 Types 6/0/1/0/0/0/0/0/0 Lore% 69 Gallery% 78 Achievement% 67 Wizard Run 0 Options --------- Layout 0 ASCII 0 Keyboard 0 Movement Numpad Keybinds 0 Fullscreen 1 Font 18/SmallcapsGlow Map View 76x50 Zoom Use 0% Tactical HUD 1 Map Filters NONE Filters NONE Steam 1 RUN: 334c89cf-59d2-4759-b8a1-f28652f9161a